 Dungeon Crawl Stone Soup version 0.32-a0-630-g46d191b0ed (webtiles) character file.

Game seed: 15085767799956664044

93 cforsyth the Grave Robber (level 4, -1/38 HPs)
             Began as a Mountain Dwarf Necromancer on Mar 6, 2024.
             Slain by a gnoll
             ... wielding a +0 halberd
              (8 damage)
             ... on level 3 of the Dungeon.
             The game lasted 00:04:03 (1965 turns).

cforsyth the Grave Robber (MDNe)                    Turns: 1965, Time: 00:04:04

Health: -1/38      AC:  7    Str: 12    XL:     4   Next: 37%
Magic:  0/6        EV: 10    Int: 22    God:
Gold:   121        SH:  0    Dex: 10    Spells: 5/6 levels left

rFire   + . .        l - +1 dagger
rCold   . . .        (no shield)
rNeg    . . .        n - +1 ring mail {Will+}
rPois   .            (no helmet)
rElec   .            (no cloak)
rCorr   .            (no gloves)
SInv    .            i - +0 pair of boots
Will    +....        (no amulet)
Stlth   +            I - +6 ring of intelligence
HPRegen 0.26/turn    F - ring of protection from fire
MPRegen 0.10/turn

%: no passive effects
@: no status effects
A: runic magic, artefact enchanting
a: no special abilities


You were on level 3 of the Dungeon.
You visited 1 branch of the dungeon, and saw 3 of its levels.

You collected 121 gold pieces.


Innate Abilities, Weirdness & Mutations

Your spellcasting is much less encumbered by armour.
You can use scrolls of enchantment on lesser artefacts.


   Skills:
 + Level 3.0 Fighting
 - Level 1.3 Dodging
 - Level 1.4 Stealth
 - Level 1.7 Spellcasting
 + Level 5.5 Necromancy


You had 5 spell levels left.
You knew the following spells:

 Your Spells              Type           Power      Damage    Failure   Level
X - Necrotise             Necr           100%       1d9       1%          1

Your spell library contained the following spells:

 Spells                   Type           Power      Damage    Failure   Level
 Vampiric Draining        Necr           26%        2d7       5%          3
 Animate Dead             Necr           26%        N/A       19%         4
 Curse of Agony           Necr           26%        N/A       45%         5

Inventory:

Hand Weapons
 l - a +1 dagger (weapon)
Armour
 a - a +0 robe
 i - a +0 pair of boots (worn)
 k - a +0 ring mail
 n - a +1 ring mail of willpower (worn)
Jewellery
 v - a ring of see invisible
 F - a ring of protection from fire (right hand)
 I - a +6 ring of intelligence (left hand)
 L - a ring of flight
 R - a ring of resist corrosion
Scrolls
 f - a scroll of identify {@r1}
 g - a scroll of enchant weapon
 j - a scroll of vulnerability {unknown}
 m - a scroll of acquirement {unknown}
 o - 2 scrolls of teleportation {@r2}
 p - a scroll of amnesia {unknown}
Potions
 b - a potion of magic
 c - 2 potions of degeneration {unknown}
 d - a potion of curing {unknown}
 e - 2 potions of attraction {unknown}
 h - a potion of might {unknown}

Dungeon Overview and Level Annotations

Branches:
Dungeon (2/15)

Altars:

## .. #. #. #.
############ #.
#..........#
..####.#####.########.#
......g@.....# #.#
.(####.####### #.# #.
#.# #. #.# .. #.# ..
###.# #.. #...# ##.
#.### #.####


You could see a gnoll.


Message History

The dead are flying!
You can't see any susceptible monsters within range! (Use Z to cast anyway.)
Your adder skeleton crumbles into dust!
A gnoll comes into view. It is wielding a +0 halberd.
Found 6 stones.
The gnoll barely resists.
The gnoll barely resists.
Your bat skeleton crumbles into dust!
The gnoll writhes in agony.
The gnoll writhes in agony.
The gnoll hits you from afar with a +0 halberd!
The gnoll writhes in agony.
The gnoll hits you from afar with a +0 halberd.
The gnoll writhes in agony.
The gnoll hits you from afar with a +0 halberd.
You are out of magic!
You are out of magic!
You are out of magic!
You are out of magic!
You are out of magic!
You are out of magic!
The gnoll barely misses you.
You hit the gnoll.
The gnoll is severely wounded.
The gnoll hits you with a +0 halberd!
* * * LOW HITPOINT WARNING * * *
You hit the gnoll.
The gnoll is severely wounded.
The gnoll hits you with a +0 halberd!
You die...

Skill      XL: |  1  2  3  4 |
---------------+-------------+-----
Fighting       | 1 2 3 |  3.0
Necromancy     | 5 |  5.5
Dodging        | |  1.3
Stealth        | |  1.4
Spellcasting   | |  1.7

Action                     |  1- 3 |  4- 6 || total
---------------------------+-------+-------++-------
  Melee: Unarmed           |     5 |       ||     5
         Dagger            |     4 |     2 ||     6
   Cast: Necrotise         |    37 |    18 ||    55
    Use: Scroll            |       |     3 ||     3
 Armour: Robe              |     2 |       ||     2
         Ring mail         |    10 |    16 ||    26
  Dodge: Dodged            |     8 |     3 ||    11

Levels and vault maps discovered:
D:1:      dpeg_arrival_round_a, layout_basic
D:2:      layout_basic, glass_columns_c
D:3:      lemuel_castle_with_subvaults [lemuel_castle_interior_original],
          layout_loops_ring, hellmonk_ecumenical_altar_dog_temple,
          saegor_snake_ambush

Notes
Turn   | Place    | Note
-------+----------+-------------------------------------------
     0 | D:1      | cforsyth the Mountain Dwarf Necromancer began the quest for
                  | the Orb.
     0 | D:1      | Reached XP level 1. HP: 14/14 MP: 3/3
   307 | D:1      | Reached skill level 1 in Fighting
   798 | D:2      | Reached XP level 2. HP: 23/23 MP: 1/4
  1148 | D:1      | Reached skill level 2 in Fighting
  1148 | D:1      | Reached skill level 5 in Necromancy
  1148 | D:1      | Reached XP level 3. HP: 29/29 MP: 1/5
  1519 | D:2      | Reached XP level 4. HP: 37/37 MP: 3/6
  1606 | D:2      | You fall into a shaft and drop 1 floor!
  1904 | D:3      | Reached skill level 3 in Fighting
  1965 | D:3      | Slain by a gnoll

Vanquished Creatures
  A gnoll (D:3)
  7 adders
  2 ball pythons
  2 endoplasms
  3 goblins
  2 quokkas
  3 bats
  2 frilled lizards
  2 kobolds
  A rat (D:1)
25 creatures vanquished.

Table legend: (Time is in decaauts)
 A = Elapsed time spent in this place.
 B = Non-inter-level travel time spent in this place.
 C = Inter-level travel time spent in this place.
 D = Time resting spent in this place.
 E = Time spent auto-exploring this place.
 F = Levels seen in this place.
 G = Mean time per level.
                   A        B        C        D        E       F      G
               +--------+--------+--------+--------+--------+-----+--------+
         Total |   1963 |   1902 |     61 |    273 |   1362 |   3 |  654.3 |
       Dungeon |   1963 |   1902 |     61 |    273 |   1362 |   3 |  654.3 |
               +--------+--------+--------+--------+--------+-----+--------+

Top non-repeatable levels by time:
     D:1: 837 daAuts
     D:2: 767 daAuts
     D:3: 358 daAuts

Table legend:
 A = Non-vault XP
 B = Vault XP
 C = Vault XP percentage of total XP
 D = Non-vault monster count
 E = Vault monster count
 F = Vault count percentage of total count
                 A         B        C        D         E       F
            +---------+---------+-------+---------+---------+-------
      Total |     134 |       0 |   0.0 |      25 |       0 |   0.0
            +---------+---------+-------+---------+---------+-------
        D:1 |      24 |       0 |   0.0 |       8 |       0 |   0.0
        D:2 |      75 |       0 |   0.0 |      11 |       0 |   0.0
        D:3 |      35 |       0 |   0.0 |       6 |       0 |   0.0
            +---------+---------+-------+---------+---------+-------
